NCAA
TENNESSEE VOLUNTEERS @ COLORADO BUFFALOES
05/06/2028
 
TOP OF THE 1ST
Tennessee Volunteers batting - Pitching for Colorado Buffaloes : LHP Ray Gordon
Pitching: LHP Ray Gordon
Batting: RHB Danny Scott 0-0: Foul Ball, location: 2F
0-1: SINGLE (Line Drive, 4MD)
Batting: RHB José Torres 0-0: Ball
1-0: Grounds into double play, 5-4-3 (Groundball, 56)
Batting: RHB César García 0-0: Ball
1-0: Ball
2-0: Called Strike
2-1: Called Strike
2-2: Strikes out looking
Top of the 1st over - 0 run(s), 1 hit(s), 0 error(s), 0 left on base; Tennessee 0 - Colorado 0
BOTTOM OF THE 1ST
Colorado Buffaloes batting - Pitching for Tennessee Volunteers : RHP Morgan Fox
Pitching: RHP Morgan Fox
Batting: SHB Justin Collier 0-0: Ball
1-0: Foul Ball, location: 2F
1-1: Ball
2-1: SINGLE (Groundball, 5D)
Batting: RHB Eddie Woods 0-0: Called Strike
0-1: Foul Ball, location: 2F
0-2: Ball
1-2: Fly out, F5 (Line Drive, 56)
Batting: LHB Claudio Jaramillo 0-0: Foul Ball, location: 2F
0-1: Swinging Strike
0-2: Strikes out swinging
Batting: RHB Preston Manning 0-0: Fielders Choice at 2nd, 4-6 (Groundball, 4)
Bottom of the 1st over - 0 run(s), 1 hit(s), 0 error(s), 0 left on base; Tennessee 0 - Colorado 0
TOP OF THE 2ND
Tennessee Volunteers batting - Pitching for Colorado Buffaloes : LHP Ray Gordon
Batting: LHB Alfredo Cantú 0-0: Ball
1-0: Ball
2-0: Ground out 4-3 (Groundball, 4)
Batting: RHB Ralph Fitzgerald 0-0: Foul Ball, location: 2F
0-1: Called Strike
0-2: Strikes out swinging
Batting: SHB Jared Calhoun 0-0: Ball
1-0: Called Strike
1-1: Foul Ball, location: 2F
1-2: Ball
2-2: SINGLE (Line Drive, 56D)
Batting: RHB Gary Washington 0-0: Called Strike
0-1: Ball
1-1: Fielders Choice at 2nd, 4-6 (Groundball, 4)
Top of the 2nd over - 0 run(s), 1 hit(s), 0 error(s), 0 left on base; Tennessee 0 - Colorado 0
BOTTOM OF THE 2ND
Colorado Buffaloes batting - Pitching for Tennessee Volunteers : RHP Morgan Fox
Batting: LHB Wayne Morgan 0-0: Called Strike
0-1: Swinging Strike
0-2: Strikes out swinging
Batting: RHB Bill Peterson 0-0: Ball
1-0: Ball
2-0: Ball
3-0: Base on Balls
Batting: RHB Jason Taylor 0-0: Ball
1-0: Called Strike
1-1: Called Strike
1-2: Ball
2-2: SINGLE (Flyball, 7LS)
Bill Peterson to second
Batting: SHB Edgardo Guzmán 0-0: Ball
1-0: Ball
2-0: Ball
3-0: Base on Balls
Bill Peterson to third
Jason Taylor to second
Batting: LHB Jack Jefferson 0-0: Foul Ball, location: 2F
0-1: Ball
1-1: Ball
2-1: Ball
3-1: Base on Balls
Bill Peterson scores
Jason Taylor to third
Edgardo Guzmán to second
Batting: SHB Justin Collier 0-0: Called Strike
0-1: Ball
1-1: Ball
2-1: Foul Ball, location: 2F
2-2: Foul Ball, location: 2F
2-2: Strikes out swinging
Batting: RHB Eddie Woods 0-0: Swinging Strike
0-1: Foul Ball, location: 2F
0-2: Ball
1-2: Foul Ball, location: 2F
1-2: Ball
2-2: Ball
3-2: GRAND SLAM HOME RUN (Flyball, 7LD), Distance : 330 ft
Batting: LHB Claudio Jaramillo 0-0: Ball
1-0: Ball
2-0: Fly out, F9 (Flyball, 89M)
Bottom of the 2nd over - 5 run(s), 2 hit(s), 0 error(s), 0 left on base; Tennessee 0 - Colorado 5
TOP OF THE 3RD
Tennessee Volunteers batting - Pitching for Colorado Buffaloes : LHP Ray Gordon
Batting: RHB Chris Harper 0-0: Foul Ball, location: 2F
0-1: Ball
1-1: Ball
2-1: SINGLE (Line Drive, 4M)
Batting: RHB Lorne McClain 0-0: Ground out 5-3 (Groundball, 56S)
Chris Harper to second
Batting: RHB Danny Scott 0-0: Ball
1-0: Ball
2-0: Ball
3-0: Called Strike
3-1: Ground out 4-3 (Groundball, 4)
Chris Harper to third
Batting: RHB José Torres 0-0: Called Strike
0-1: Ball
1-1: Called Strike
Steal of home, Chris Harper is safe
1-2: Ball
2-2: Strikes out swinging
Top of the 3rd over - 1 run(s), 1 hit(s), 0 error(s), 0 left on base; Tennessee 1 - Colorado 5
BOTTOM OF THE 3RD
Colorado Buffaloes batting - Pitching for Tennessee Volunteers : RHP Morgan Fox
Batting: RHB Preston Manning 0-0: Fly out, F9 (Flyball, 89M)
Batting: LHB Wayne Morgan 0-0: Ball
1-0: SINGLE (Groundball, 15S) (infield hit)
Batting: RHB Bill Peterson 0-0: Foul Ball, location: 2F
0-1: Swinging Strike
0-2: Strikes out swinging
Batting: RHB Jason Taylor 0-0: Called Strike
0-1: Ball
1-1: Swinging Strike
1-2: Ball
2-2: SINGLE (Line Drive, 8RS)
Wayne Morgan to second
Runner from 2nd tries for 3rd, SAFE, throw made to third
Batting: SHB Edgardo Guzmán 0-0: Ball
1-0: Fly out, F9 (Flyball, 9LMF)
Bottom of the 3rd over - 0 run(s), 2 hit(s), 0 error(s), 2 left on base; Tennessee 1 - Colorado 5
TOP OF THE 4TH
Tennessee Volunteers batting - Pitching for Colorado Buffaloes : LHP Ray Gordon
Batting: RHB César García 0-0: Called Strike
0-1: Ball
1-1: Foul Ball, location: 2F
1-2: Ground out 5-3 (Groundball, 56)
Batting: LHB Alfredo Cantú 0-0: Swinging Strike
0-1: Ball
1-1: Ball
2-1: Fly out, F2 (Popup, 13S)
Batting: RHB Ralph Fitzgerald 0-0: Ball
1-0: Swinging Strike
1-1: Called Strike
1-2: Ground out 6-3 (Groundball, 6)
Top of the 4th over - 0 run(s), 0 hit(s), 0 error(s), 0 left on base; Tennessee 1 - Colorado 5
BOTTOM OF THE 4TH
Colorado Buffaloes batting - Pitching for Tennessee Volunteers : RHP Morgan Fox
Batting: LHB Jack Jefferson 0-0: Ball
1-0: SINGLE (Line Drive, 8RS)
Batting: SHB Justin Collier 0-0: Called Strike
0-1: Ball
1-1: Ball
2-1: Fly out, F7 (Flyball, 7S)
Batting: RHB Eddie Woods 0-0: Called Strike
0-1: Swinging Strike
0-2: Ball
1-2: Strikes out swinging
Batting: LHB Claudio Jaramillo 0-0: Ball
1-0: Ball
2-0: SINGLE (Line Drive, 8LS)
Jack Jefferson to second
Runner from 2nd tries for 3rd, SAFE, throw made to third
Batting: RHB Preston Manning 0-0: Ground out 1-3 (Groundball, 13S)
Bottom of the 4th over - 0 run(s), 2 hit(s), 0 error(s), 2 left on base; Tennessee 1 - Colorado 5
TOP OF THE 5TH
Tennessee Volunteers batting - Pitching for Colorado Buffaloes : LHP Ray Gordon
Batting: SHB Jared Calhoun 0-0: Foul Ball, location: 2F
0-1: Called Strike
0-2: Strikes out looking
Batting: RHB Gary Washington 0-0: Foul Ball, location: 2F
0-1: Foul Ball, location: 2F
0-2: Foul Ball, location: 2F
0-2: Strikes out swinging
Batting: RHB Chris Harper 0-0: Swinging Strike
0-1: Ball
1-1: Foul Ball, location: 2F
1-2: Strikes out looking
Top of the 5th over - 0 run(s), 0 hit(s), 0 error(s), 0 left on base; Tennessee 1 - Colorado 5
BOTTOM OF THE 5TH
Colorado Buffaloes batting - Pitching for Tennessee Volunteers : RHP Morgan Fox
Pitching: RHP Danny Ramos
Batting: LHB Wayne Morgan 0-0: Called Strike
0-1: Ball
1-1: Ground out 6-3 (Groundball, 6D)
Batting: RHB Bill Peterson 0-0: Ball
1-0: Called Strike
1-1: Foul Ball, location: 2F
1-2: SINGLE (Line Drive, 6MD)
Batting: RHB Jason Taylor 0-0: Ball
1-0: Called Strike
1-1: Ball
2-1: Ball
3-1: Foul Ball, location: 2F
3-2: Ground out 4-3 (Groundball, 4)
Bill Peterson to second
Batting: SHB Edgardo Guzmán 0-0: Ball
1-0: Called Strike
1-1: Foul Ball, location: 2F
1-2: Strikes out looking
Bottom of the 5th over - 0 run(s), 1 hit(s), 0 error(s), 1 left on base; Tennessee 1 - Colorado 5
TOP OF THE 6TH
Tennessee Volunteers batting - Pitching for Colorado Buffaloes : LHP Ray Gordon
Batting: RHB Lorne McClain 0-0: Single, Error in OF, E7, batter to second base
Batting: RHB Danny Scott 0-0: Called Strike
0-1: Swinging Strike
0-2: Foul Ball, location: 2F
0-2: Foul Ball, location: 2F
0-2: Ball
1-2: Strikes out swinging
Batting: RHB José Torres 0-0: SINGLE (Groundball, 56D)
Lorne McClain to third
Runner from 3rd tries for Home, SAFE, no throw
Batting: RHB César García 0-0: Foul Ball, location: 2F
0-1: Swinging Strike
0-2: Ball
1-2: Ball
2-2: Strikes out swinging
Batting: LHB Alfredo Cantú 0-0: Called Strike
0-1: Fielders Choice at 2nd, 6-4 (Groundball, 6)
Top of the 6th over - 1 run(s), 2 hit(s), 1 error(s), 0 left on base; Tennessee 2 - Colorado 5
BOTTOM OF THE 6TH
Colorado Buffaloes batting - Pitching for Tennessee Volunteers : RHP Danny Ramos
Batting: LHB Jack Jefferson 0-0: Swinging Strike
0-1: Ball
1-1: Ball
2-1: Foul Ball, location: 2F
2-2: Strikes out looking
Batting: SHB Justin Collier 0-0: Ball
1-0: Foul Ball, location: 2F
1-1: Swinging Strike
1-2: Foul Ball, location: 2F
1-2: Strikes out swinging passed ball, reaches first!
Batting: RHB Eddie Woods 0-0: Ball
1-0: Ball
2-0: Foul Ball, location: 2F
2-1: Called Strike
2-2: Ball
3-2: Base on Balls
Justin Collier to second
Batting: LHB Claudio Jaramillo 0-0: Called Strike
0-1: Ball
1-1: Ball
2-1: SINGLE (Line Drive, 8LS)
Justin Collier to third
Eddie Woods to second
Runner from 3rd tries for Home, SAFE, no throw
Batting: RHB Preston Manning 0-0: Called Strike
0-1: Ball
1-1: Ball
2-1: Ball
3-1: Base on Balls
Eddie Woods to third
Claudio Jaramillo to second
Batting: LHB Wayne Morgan 0-0: Called Strike
0-1: Foul Ball, location: 2F
0-2: Foul Ball, location: 2F
0-2: Ball
1-2: Strikes out looking
Batting: RHB Bill Peterson 0-0: Foul Ball, location: 2F
0-1: Foul Ball, location: 2F
0-2: Strikes out swinging
Bottom of the 6th over - 1 run(s), 1 hit(s), 0 error(s), 3 left on base; Tennessee 2 - Colorado 6
TOP OF THE 7TH
Tennessee Volunteers batting - Pitching for Colorado Buffaloes : LHP Ray Gordon
Batting: RHB Ralph Fitzgerald 0-0: Ball
1-0: Called Strike
1-1: Foul Ball, location: 2F
1-2: Ball
2-2: Strikes out looking
Pitching: LHP Mark Harper
Batting: SHB Jared Calhoun 0-0: Ball
1-0: Foul Ball, location: 2F
1-1: Ground out 5-3 (Groundball, 56)
Batting: RHB Gary Washington 0-0: Called Strike
0-1: Ball
1-1: Called Strike
1-2: Ball
2-2: Ball
3-2: Base on Balls
Batting: RHB Chris Harper 0-0: Called Strike
0-1: Called Strike
0-2: Fly out, F9 (Flyball, 9S)
Top of the 7th over - 0 run(s), 0 hit(s), 0 error(s), 1 left on base; Tennessee 2 - Colorado 6
BOTTOM OF THE 7TH
Colorado Buffaloes batting - Pitching for Tennessee Volunteers : RHP Danny Ramos
Pitching: RHP Gerald Marshall
Batting: RHB Jason Taylor 0-0: Swinging Strike
0-1: Foul Ball, location: 2F
0-2: Ball
1-2: Ball
2-2: Ball
3-2: Ground out 5-3 (Groundball, 5)
Batting: SHB Edgardo Guzmán 0-0: Ball
1-0: SINGLE (Line Drive, 34D)
Batting: LHB Jack Jefferson 0-0: Ball
1-0: Ball
2-0: Called Strike
2-1: Foul Ball, location: 2F
2-2: Ball
3-2: Base on Balls
Edgardo Guzmán to second
Batting: SHB Justin Collier 0-0: Ball
1-0: Fly out, F3 (Line Drive, 4)
Lined into DP, U3 (Line Drive, 4)
Bottom of the 7th over - 0 run(s), 1 hit(s), 0 error(s), 1 left on base; Tennessee 2 - Colorado 6
TOP OF THE 8TH
Tennessee Volunteers batting - Pitching for Colorado Buffaloes : LHP Mark Harper
Batting: RHB Lorne McClain 0-0: Called Strike
0-1: Ball
1-1: Reached on error, E6 (Groundball, 6)
Batting: RHB Danny Scott 0-0: Ball
1-0: Called Strike
1-1: Ball
2-1: Called Strike
2-2: Strikes out swinging
Batting: RHB José Torres 0-0: Called Strike
0-1: Ball
1-1: Ball
2-1: Ground out 5-3 (Groundball, 56S)
Lorne McClain to second
Batting: RHB César García 0-0: Ball
1-0: Called Strike
1-1: Ball
2-1: Ball
3-1: Called Strike
3-2: 2-RUN HOME RUN (Flyball, 7D), Distance : 354 ft
Pitching: LHP Robert Dean
Batting: LHB Alfredo Cantú 0-0: Ball
1-0: Ball
2-0: Ball
3-0: Called Strike
3-1: Base on Balls
Pitching: RHP Dan Salinas
Batting: RHB Ralph Fitzgerald 0-0: Called Strike
0-1: Swinging Strike
0-2: Ball
1-2: Strikes out swinging
Top of the 8th over - 2 run(s), 1 hit(s), 1 error(s), 1 left on base; Tennessee 4 - Colorado 6
BOTTOM OF THE 8TH
Colorado Buffaloes batting - Pitching for Tennessee Volunteers : RHP Gerald Marshall
Batting: RHB Eddie Woods 0-0: Ground out 5-3 (Groundball, 56)
Batting: LHB Claudio Jaramillo 0-0: Called Strike
0-1: Ball
1-1: Foul Ball, location: 2F
1-2: Ball
2-2: Foul Ball, location: 2F
2-2: Strikes out swinging
Batting: RHB Preston Manning 0-0: Ball
1-0: Fly out, F8 (Line Drive, 8LS)
Bottom of the 8th over - 0 run(s), 0 hit(s), 0 error(s), 0 left on base; Tennessee 4 - Colorado 6
TOP OF THE 9TH
Tennessee Volunteers batting - Pitching for Colorado Buffaloes : RHP Dan Salinas
Pitching: RHP Geoff Reeves
Batting: SHB Jared Calhoun 0-0: Swinging Strike
0-1: Swinging Strike
0-2: Foul Ball, location: 2F
0-2: Strikes out swinging
Batting: RHB Gary Washington 0-0: Ball
1-0: Ball
2-0: Foul Ball, location: 2F
2-1: Called Strike
2-2: Ball
3-2: Foul Ball, location: 2F
3-2: Base on Balls
Pinch Hitting: RHB Bruce Carr 0-0: Called Strike
0-1: Called Strike
0-2: Ball
1-2: Strikes out swinging
Batting: RHB Lorne McClain 0-0: Ball
1-0: Fielders Choice at 2nd, 5-4 (Groundball, 5L)
Top of the 9th over - 0 run(s), 0 hit(s), 0 error(s), 0 left on base; Tennessee 4 - Colorado 6
Tuesday, August 8th, 2017 - OOTP Baseball 17.12 Build 75